 Dungeon Crawl Stone Soup version 0.24-a0-769-g368c1644f8 (webtiles) character file.

Game seed: 11967229268167939597, levelgen mode: deterministic

80 Johnny the Digger (level 3, -1/28 HPs)
             Began as a Demigod Earth Elementalist on Oct 6, 2019.
             Slain by a scorpion (7 damage)
             ... on level 4 of the Dungeon.
             The game lasted 00:01:58 (2575 turns).

Johnny the Digger (Demigod Earth Elementalist)      Turns: 2575, Time: 00:01:58

Health: -1/28      AC:  2    Str: 11    XL:     3   Next: 98%
Magic:  0/9        EV: 13    Int: 21    God:
Gold:   165        SH:  0    Dex: 16    Spells: 5/6 levels left

rFire    . . .     SeeInvis .   a - +0 short sword
rCold    . . .     Gourm    .   (no shield)
rNeg     . . .     Faith    .   c - +0 robe
rPois    .         Spirit   .   (no helmet)
rElec    .         Reflect  .   (no cloak)
rCorr    .         Harm     .   (no gloves)
MR       .....                  (no boots)
Stlth    ++........             (no amulet)
HPRegen  0.09/turn              e - ring of wizardry
MPRegen  0.11/turn              (no ring)

@: lethally poisoned (-1 -> -15)
A: high mp 1
a: no special abilities


You were on level 4 of the Dungeon.
You were not hungry.

You visited 1 branch of the dungeon, and saw 4 of its levels.

You collected 165 gold pieces.

Inventory:

Hand Weapons
 a - a +0 short sword (weapon)
Missiles
 b - 104 stones (quivered)
Armour
 c - a +0 robe (worn)
Jewellery
 e - a ring of wizardry (left hand)
Scrolls
 f - a scroll of enchant armour {unknown}
 h - a scroll of enchant weapon {unknown}
 l - a scroll of remove curse {unknown}
 n - a scroll of fog {unknown}
 q - 2 scrolls of identify {unknown}
Potions
 g - a potion of curing {unknown}
 i - a potion of experience {unknown}
 j - 4 potions of flight {unknown}
 k - a potion of magic {unknown}
 m - 3 potions of ambrosia {unknown}
 o - a potion of cancellation {unknown}
 p - 2 potions of invisibility {unknown}
Comestibles
 d - 8 rations


   Skills:
 + Level 1.5 Fighting
 + Level 2.1 Dodging
 - Level 1.7 Stealth
 + Level 2.3 Spellcasting
   Level 0.8 Transmutations
 * Level 3.6 Earth Magic


You had 5 spell levels left.
You knew the following spells:

 Your Spells              Type           Power        Failure   Level  Hunger
a - Sandblast             Erth           ###...       1%          1    #......

Your spell library contained the following spells:

 Spells                   Type           Power        Failure   Level  Hunger
 Passwall                 Tmut/Erth      ##......     3%          2    ##.....
 Stone Arrow              Conj/Erth      ##....       9%          3    ###....
 Petrify                  Tmut/Erth      ##......     22%         4    #####..
 Lee's Rapid Deconstruct  Erth           ###.......   32%         5    ######.


Dungeon Overview and Level Annotations

Branches:
Dungeon (4/15)
 Temple: D:4-7


Innate Abilities, Weirdness & Mutations

You have an increased reservoir of magic. (+10% MP)


Message History

Casting: Sandblast (safe; 1% risk of failure)
Confirm with . or Enter, or press ? or * to list all spells.
Aiming: Sandblast (safe; 1% risk of failure)
Press: ? - help, Shift-Dir - straight line, f/p - scorpion
Aim: a scorpion (almost dead)
The blast of sand hits the scorpion.
The scorpion is almost dead.
b - 105 stones
* * * LOW HITPOINT WARNING * * *
You feel sick. The scorpion barely misses you.
Casting: Sandblast (safe; 1% risk of failure)
Confirm with . or Enter, or press ? or * to list all spells.
Aiming: Sandblast (safe; 1% risk of failure)
Press: ? - help, Shift-Dir - straight line, f/p - scorpion
Aim: a scorpion (almost dead)
The blast of sand misses the scorpion.
b - 104 stones
* * * LOW HITPOINT WARNING * * *
You feel sick. The scorpion stings you!
You die...

.. #. #.
######.
.......######
#....<...!#
#.#######)#
#.# #@# #s#
... ##.## ###


You could see a scorpion.

Vanquished Creatures
  An ooze (D:1)
  4 worms
  3 dart slugs
  3 leopard geckos (D:3)
  2 giant cockroaches (D:2)
  6 goblins
  6 hobgoblins
  7 jackals (D:1)
  6 kobolds
  2 quokkas
  3 ball pythons
  5 bats
  3 frilled lizards
  A rat (D:3)
52 creatures vanquished.

Vanquished Creatures (others)
  A goblin (D:3)
1 creature vanquished.

Grand Total: 53 creatures vanquished

Notes
Turn   | Place    | Note
-------+----------+-------------------------------------------
     0 | D:1      | Johnny the Demigod Earth Elementalist began the quest for
                  | the Orb.
     0 | D:1      | Reached XP level 1. HP: 14/14 MP: 5/5
    69 | D:1      | Reached skill level 3 in Earth Magic
    76 | D:1      | Reached XP level 2. HP: 20/22 MP: 7/7
   512 | D:1      | Reached skill level 1 in Fighting
   826 | D:2      | Found a shimmering blue altar of Sif Muna.
   833 | D:2      | Reached XP level 3. HP: 28/28 MP: 5/8
  1513 | D:3      | Found a radiant altar of Vehumet.
  2495 | D:3      | Found an ancient bone altar of Kikubaaqudgha.
  2562 | D:4      | Noticed a scorpion
  2575 | D:4      | Slain by a scorpion

Levels and vault maps discovered:
D:1:      dpeg_arrival_erosion, layout_basic
D:2:      layout_basic, overflow_temple_1_default, dk_noncrumbling_3
D:3:      layout_basic, kiku_gazebo_pond_becter, vehumet_crystals,
          corexii_leaking_fountain
D:4:      layout_loops_ring, first_ration, serial_shops, shop

Skill      XL: |  1  2  3 |
---------------+----------+-----
Earth Magic    | 3 |  3.6
Spellcasting   | 2 |  2.3
Fighting       | 1 |  1.5
Dodging        | 2 |  2.1
Stealth        | |  1.7
Transmutations | |  0.8

Action                   || total
-------------------------++-------
Melee: Short sword       ||   133
 Cast: Sandblast         ||    24
 Stab: Sleeping          ||    12
  Eat: Chunk             ||     5
Armor: Robe              ||    32
Dodge: Dodged            ||    73

Table legend:
 A = Non-vault XP
 B = Vault XP
 C = Vault XP percentage of total XP
 D = Non-vault monster count
 E = Vault monster count
 F = Vault count percentage of total count
                 A         B        C        D         E       F
            +---------+---------+-------+---------+---------+-------
      Total |     115 |       0 |   0.0 |      52 |       0 |   0.0
            +---------+---------+-------+---------+---------+-------
        D:1 |      40 |       0 |   0.0 |      17 |       0 |   0.0
        D:2 |      29 |       0 |   0.0 |      18 |       0 |   0.0
        D:3 |      46 |       0 |   0.0 |      17 |       0 |   0.0
            +---------+---------+-------+---------+---------+-------
